 Dungeon Crawl Stone Soup version 0.31-a0-1178-gc5c9b8f871 (webtiles) character file.

Game seed: 18069451346621714821

5625 Ge0ff the Skirmisher (level 11, -12/69 HPs)
             Began as a Kobold Reaver on Dec 11, 2023.
             Was an Elder of Okawaru.
             Mangled by Amaemon
             ... wielding a -2 demon whip of venom
              (14 damage)
             ... on level 8 of the Dungeon.
             The game lasted 00:24:23 (9701 turns).

Ge0ff the Skirmisher (Kobold Reaver)                Turns: 9701, Time: 00:24:24

Health: -12/69     AC:  7    Str:  7 (9)  XL:     11   Next: 3%
Magic:  15/15      EV: 15    Int: 14 (15) God:    Okawaru [****..]
Gold:   599        SH:  0    Dex: 15 (18) Spells: 8/16 levels left

rFire   . . .        w - +3 dagger (venom)
rCold   . . .        (no shield)
rNeg    . . .        W - +0 steam dragon scales
rPois   .            Q - +0 helmet
rElec   .            (no cloak)
rCorr   .            (no gloves)
SInv    .            x - +0 pair of boots
Will    +....        g - amulet of regeneration
Stlth   ++           c - ring of wizardry
HPRegen 1.11/turn    (no ring)
MPRegen 0.14/turn

%: wizardry (x1)
@: confused, lethally poisoned (-12 -> -24), ambrosia-drunk, attractive,
enlightened, flying
A: small, no large weapons, nightstalker 3
a: Renounce Religion, Heroism, Finesse


You were on level 8 of the Dungeon.
You worshipped Okawaru.
Okawaru was greatly pleased with you.
You visited 2 branches of the dungeon, and saw 9 of its levels.
You also visited: Ossuary.

You collected 599 gold pieces.

Inventory:

Hand Weapons
 a - a +0 orcbow
 b - a +2 short sword of electrocution
 t - a +2 short sword of venom
 u - a +0 shortbow
 w - a +3 dagger of venom (weapon)
 D - a +4 scimitar
 E - a +4 trident
 J - the +6 quarterstaff of the Tundras {flame, ^Drain rPois rC+ rN+}
   (You found it on level 6 of the Dungeon)

   rC+:       It protects you from cold.
   rPois:     It protects you from poison rN+: It protects you from negative
   energy.
   ^Drain:    It drains your maximum health when unequipped.
Missiles
 j - 87 stones
 v - 2 curare-tipped darts {=F}
 L - 2 boomerangs
 Y - 27 poisoned darts
Armour
 x - a +0 pair of boots (worn)
 Q - a +0 helmet (worn)
 U - a +1 scale mail of fire resistance
 W - +0 steam dragon scales (worn)
 Z - a +1 leather armour of fire resistance
Jewellery
 c - a ring of wizardry (left hand)
 g - an amulet of regeneration (around neck)
 h - an amulet of guardian spirit
Talismans
 z - a granite talisman
Scrolls
 d - a scroll of enchant weapon
 y - a scroll of immolation
 B - 3 scrolls of blinking
 C - 2 scrolls of poison
 F - a scroll of fog
 G - a scroll of amnesia
 N - 4 scrolls of enchant armour
 T - 3 scrolls of teleportation
 V - a scroll of vulnerability
Potions
 o - a potion of ambrosia
 A - a potion of attraction
 H - 2 potions of haste {!q}
 M - a potion of might
 O - 2 potions of resistance {unknown}
 P - 2 potions of curing {unknown}
 R - a potion of mutation {unknown}
 S - 2 potions of degeneration
 X - a potion of enlightenment


   Skills:
 + Level 8.9 Fighting
 - Level 5.0 Short Blades
 + Level 10.1 Ranged Weapons
 - Level 2.0 Armour
 - Level 3.0 Dodging
 - Level 5.0 Stealth
 - Level 3.0 Spellcasting
 - Level 5.0 Conjurations
 - Level 5.0 Translocations
 - Level 3.0 Air Magic
 - Level 3.0 Poison Magic
 + Level 4.6 Invocations
 - Level 3.0 Evocations


You had 8 spell levels left.
You knew the following spells:

 Your Spells              Type           Power      Damage    Failure   Level
f - Mephitic Cloud        Conj/Pois/Air  12%        N/A       6%          3
B - Blink                 Tloc           32%        N/A       1%          2
C - Momentum Strike       Conj/Tloc      32%        3d8       1%          2
E - Kiss of Death         Conj/Necr      36%        2d8       3%          1

Your spell library contained the following spells:

 Spells                   Type           Power      Damage    Failure   Level
 Magic Dart               Conj           64%        1d6       1%          1
 Gell's Gravitas          Tloc           16%        N/A       3%          3
 Teleport Other           Tloc           16%        N/A       3%          3
 Hailstorm                Conj/Ice       9%         3d6       9%          3
 Manifold Assault         Tloc           16%        N/A       11%         4
 Ignite Poison            Fire/Tmut/Pois 4%         N/A       16%         3
 Sigil of Binding         Hex            2%         N/A       26%         3
 Dimensional Bullseye     Hex/Tloc       4%         N/A       28%         4
 Sticky Flame             Conj/Fire      9%         2d3       28%         4
 Leda's Liquefaction      Hex/Erth       1%         N/A       61%         4
 Dispersal                Tloc           8%         N/A       82%         6
 Ignition                 Fire           1%         3d3       100%        8
 Call Imp                 Summ           Unusable   N/A       N/A         2
 Call Canine Familiar     Summ           Unusable   N/A       N/A         3

Dungeon Overview and Level Annotations

Branches:
Dungeon (8/15) Zot: 26310  Temple (1/1) D:4 Zot: 5998 Ossuary (visited)
   Lair: D:8-11

Altars:
Ashenzari
Cheibriados
Dithmenos
Elyvilon
Fedhas
Gozag
Hepliaklqana
Kikubaaqudgha
Makhleb
Nemelex Xobeh
Okawaru
Qazlal
Ru
Sif Muna
Trog
Uskayaw
Vehumet
Wu Jian
Yredelemnul
Zin
The Shining One

Annotations:
D:5 dig (gold)
D:7 1 runed translucent door, KineticRobot's ghost, novice DrCj
D:8 Amaemon


Innate Abilities, Weirdness & Mutations

You are small and have problems with some larger weapons.
You are completely attuned to the shadows.


Message History

You are poisoned.
Amaemon claws you. Amaemon tail-slaps you.
You are more poisoned.
Amaemon poisons you!
You feel extremely sick.
Amaemon hits you with a -2 demon whip of venom.
You are more poisoned.
Amaemon barely misses you.
Amaemon tail-slaps you but does no damage.
You can move again.
Unknown command.
Unknown command.
Unknown command.
Unknown command.
It was a potion of degeneration.
There was something very wrong with that liquid.
You feel weakened.
You feel dopey.
You feel clumsy.
You feel extremely sick.
Amaemon closely misses you. x2; Amaemon completely misses you.
You hit Amaemon but do no damage.
Amaemon is poisoned.
You feel very sick. Amaemon completely misses you. Amaemon claws you!
Amaemon tail-slaps you but does no damage.
It was a potion of attraction.
You feel attractive to monsters.
A - a potion of attraction;
X - a scroll of amnesia You feel like a meek peon again.
* * * LOW HITPOINT WARNING * * *
You feel very sick.
Amaemon misses you. x2; Amaemon closely misses you.
It was a potion of enlightenment.
You feel very buoyant.
You fly up into the air.
X - a potion of enlightenment;
G - a scroll of amnesia
* * * LOW HITPOINT WARNING * * *
You feel very sick.
Amaemon hits you with a -2 demon whip of venom!
* * * LOW HITPOINT WARNING * * *
You are more poisoned.
Amaemon claws you.
* * * LOW HITPOINT WARNING * * *
Amaemon barely misses you.
It was a potion of ambrosia.
You are confused.
You feel invigorated.
o - a potion of ambrosia
* * * LOW HITPOINT WARNING * * *
You feel extremely sick.
Amaemon hits you with a -2 demon whip of venom!
You die...

#......# #.# #.#.##.# ####.#
#.#.##.# #########....#
#.#.##.# #............#
#.#.##.# #......##.##.#
#......# #......##.##.#
###.#### #......##....# #.#
#......####. #.### ###.##@#
#...# #.##.6... ###.#
#####.####### #.#
#...........#.# #.#
#.##....###.#.# ######
##.###.##.##.# #.#.# #.....
#.#..[....##.###.#.######.####
##.###.#####.......##.....####
### #.#####.##.#.###.###.##..


You could see Amaemon (very poisoned).

Vanquished Creatures
  An orange demon (D:8)
  A vampire (D:7)
  A wyvern (D:7)
  6 yaks
  2 steam dragons
  Menkaure (D:7)
  3 water moccasins
  An orc warrior (D:7)
  3 ice beasts
  2 sky beasts (D:7)
  2 black bears
  An ogre (D:4)
  A centaur (D:7)
  2 phantoms
  4 kobold brigands
  A gnoll sergeant (D:7)
  5 scorpions
  6 wights
  3 killer bees (D:8)
  A howler monkey (D:4)
  5 electric eels (D:7)
  2 centaur zombies (Ossuary)
  6 hounds
  2 jellies (D:7)
  2 bullfrog zombies (Ossuary)
  An orc priest (D:5)
  2 scorpion zombies (Ossuary)
  7 iguanas
  3 orc wizards
  An ogre zombie (Ossuary)
  Robin (D:2)
  7 gnolls
  8 adders
  A shadow imp (D:7)
  2 white imps
  2 ufetubi (D:5)
  5 adder zombies (Ossuary)
  2 worms (D:2)
  6 dart slugs
  14 orcs
  6 bats
  10 endoplasms
  4 giant cockroaches
  13 goblins
  9 hobgoblins
  3 jackals (D:2)
  7 quokkas
  7 ball pythons
  A frilled lizard (D:1)
  2 gnoll zombies (Ossuary)
  3 goblin zombies (Ossuary)
  3 hobgoblin zombies (Ossuary)
  23 kobolds
  3 orc zombies (Ossuary)
  4 rats
224 creatures vanquished.

Vanquished Creatures (others)
  A centaur (D:8)
  An endoplasm (D:2)
2 creatures vanquished.

Grand Total: 226 creatures vanquished

Notes
Turn   | Place    | Note
-------+----------+-------------------------------------------
     0 | D:1      | Ge0ff the Kobold Reaver began the quest for the Orb.
     0 | D:1      | Reached XP level 1. HP: 12/12 MP: 3/3
   206 | D:1      | Found a faded altar of an unknown god.
   250 | D:1      | Reached skill level 1 in Stealth
   304 | D:1      | Reached XP level 2. HP: 15/18 MP: 5/5
   367 | D:1      | Learned a level 2 spell: Blink
   725 | D:1      | Reached XP level 3. HP: 22/22 MP: 6/6
   806 | D:2      | Reached skill level 1 in Translocations
   960 | D:2      | Noticed Robin
  1298 | D:2      | HP: 1/23 [frozen (5)]
  1302 | D:2      | Reached XP level 4. HP: 5/28 MP: 7/7
  1318 | D:2      | Learned a level 2 spell: Momentum Strike
  1579 | D:2      | Killed Robin
  2652 | D:3      | Reached XP level 5. HP: 32/32 MP: 3/8
  2657 | D:3      | Noticed a phantom
  2668 | D:3      | Killed a phantom
  3055 | D:3      | Reached XP level 6. HP: 34/37 MP: 9/9
  3235 | D:3      | Reached skill level 1 in Ranged Weapons
  3824 | D:4      | Reached skill level 1 in Armour
  3954 | D:4      | Found an iron altar of Okawaru.
  4059 | D:4      | Became a worshipper of Warmaster Okawaru
  4078 | D:4      | Found a staircase to the Ecumenical Temple.
  4084 | Temple   | Entered the Ecumenical Temple
  4411 | D:4      | Reached skill level 5 in Short Blades
  4516 | D:4      | Reached XP level 7. HP: 41/41 MP: 11/11
  4594 | D:4      | Reached skill level 2 in Ranged Weapons
  4921 | D:5      | Entered Level 5 of the Dungeon
  5058 | D:5      | Reached skill level 1 in Evocations
  5064 | D:5      | Found an opulent altar of Gozag.
  5084 | D:5      | Reached XP level 8. HP: 34/48 MP: 12/12
  5103 | D:5      | Found an opulent altar of Gozag.
  5110 | D:5      | Found an opulent altar of Gozag.
  5140 | D:5      | Reached * piety under Okawaru
  5141 | D:5      | Reached skill level 3 in Ranged Weapons
  5141 | D:5      | Reached skill level 1 in Invocations
  5268 | D:5      | Found an opulent altar of Gozag.
  5628 | D:6      | Found a sand-covered staircase.
  5633 | Ossuary  | Entered an ossuary
  5940 | Ossuary  | Reached ** piety under Okawaru
  5969 | Ossuary  | Reached skill level 4 in Ranged Weapons
  6034 | Ossuary  | Reached skill level 5 in Conjurations
  6056 | Ossuary  | Noticed a silent spectre
  6168 | D:6      | Reached XP level 9. HP: 44/53 MP: 8/13
  6216 | D:6      | Learned a level 3 spell: Mephitic Cloud
  6273 | D:6      | Reached skill level 5 in Fighting
  6341 | D:6      | Reached skill level 1 in Air Magic
  6414 | D:6      | Reached skill level 1 in Poison Magic
  6484 | D:6      | Found an ancient bone altar of Kikubaaqudgha.
  6508 | D:6      | Found a sparkling altar of Nemelex Xobeh.
  6590 | D:6      | Found a shadowy altar of Dithmenos.
  6593 | D:6      | Found a bloodstained altar of Trog.
  6595 | D:6      | Found a broken altar of Ashenzari.
  6596 | D:6      | Found a sacrificial altar of Ru.
  6718 | D:6      | Reached skill level 5 in Ranged Weapons
  6767 | D:6      | Identified the +6 quarterstaff of the Tundras {flame,
                  | ^Drain rPois rC+ rN+}
  6783 | D:6      | Reached skill level 5 in Translocations
  7362 | D:7      | Reached *** piety under Okawaru
  7667 | D:7      | Reached skill level 6 in Ranged Weapons
  7667 | D:7      | Reached skill level 5 in Stealth
  7714 | D:7      | Noticed Menkaure
  7717 | D:7      | Killed Menkaure
  7829 | D:7      | Reached **** piety under Okawaru
  7830 | D:7      | Reached skill level 7 in Ranged Weapons
  7830 | D:7      | Reached XP level 10. HP: 12/61 MP: 10/14
  8305 | D:7      | Reached skill level 8 in Ranged Weapons
  8424 | D:7      | Found a runed translucent door.
  8425 | D:7      | Noticed KineticRobot's ghost (novice DrCj)
  8772 | D:7      | Reached skill level 9 in Ranged Weapons
  8965 | D:8      | Noticed Amaemon
  8965 | D:8      | Noticed an orange demon
  9688 | D:8      | Killed an orange demon
  9689 | D:8      | Reached skill level 10 in Ranged Weapons
  9689 | D:8      | Reached XP level 11. HP: 69/69 MP: 12/15
  9694 | D:8      | Paralysed by Amaemon for 3 turns
  9700 | D:8      | HP: 3/69 [Amaemon/-2 demon whip of venom (4)]
  9701 | D:8      | Mangled by Amaemon

Illustrated notes

Levels and vault maps discovered:
D:1:      onia_arrival_mini_maze_b, layout_rooms,
          hellmonk_ecumenical_altar_leap_of_faith,
          chequers_serial_rivers_micro_e
D:2:      layout_loops_cross, minmay_quadrilaterals, uniq_robin
D:3:      layout_loops_ring, minmay_gold_behind_fungi
D:4:      layout_loops_corners, okawaru_trees_1, minmay_temple_entry_mini_moons,
          minmay_crossroads
D:5:      layout_rooms, nicolae_gozag_conspicuous_consumption
D:6:      layout_basic, grunt_temple_overflow_open, lemuel_round_altar,
          lightli_ossuary_entry_decrepit_ruins
D:7:      minmay_s_stair_smasher, layout_cave_pools, serial_bayou,
          serial_bayou_lagoon_b, serial_bayou_lagoon_a, serial_bayou_lake_a,
          serial_bayou_shore_b, gammafunk_ghost_grave, uniq_menkaure
D:8:      layout_loops_cross, brannock_xom_greatest_gift,
          chequers_serial_rivers_micro_e, uniq_amaemon, uniq_erica
Temple:   cyrus_circular_temple

Skill      XL: |  1  2  3  4  5  6  7  8  9 10 |
---------------+-------------------------------+-----
Stealth        | 1 2 3 5 |  5.0
Fighting       | 3 4 6 8 |  8.9
Translocations | 2 3 4 5 |  5.0
Ranged Weapons | 1 2 4 7 10 | 10.1
Armour         | 1 2 |  2.0
Dodging        | 3 |  3.0
Short Blades   | 5 |  5.0
Conjurations   | 4 5 |  5.0
Spellcasting   | 3 |  3.0
Evocations     | 1 3 |  3.0
Invocations    | 2 3 4 |  4.6
Air Magic      | 3 |  3.0
Poison Magic   | 3 |  3.0

Action                     |  1- 3 |  4- 6 |  7- 9 | 10-12 || total
---------------------------+-------+-------+-------+-------++-------
  Melee: Short sword       |   123 |   128 |   388 |   168 ||   807
         Punch             |     1 |     1 |     9 |     7 ||    18
         Dagger            |       |    44 |       |     4 ||    48
   Fire: Sling             |       |       |    35 |    30 ||    65
         Shortbow          |       |       |       |    29 ||    29
         Orcbow            |       |       |       |     7 ||     7
   Cast: Momentum Strike   |       |    11 |    22 |     7 ||    40
         Mephitic Cloud    |       |       |     1 |       ||     1
 Invoke: Heroism           |       |       |     1 |     5 ||     6
  Evoke: Wand              |       |     2 |     7 |     1 ||    10
    Use: Potion            |     1 |       |     1 |     9 ||    11
         Scroll            |       |     3 |     9 |     4 ||    16
   Stab: Sleeping          |     7 |    13 |    23 |     1 ||    44
         Paralysed         |       |     3 |     3 |       ||     6
         Invisible         |       |     1 |       |     2 ||     3
 Armour: Leather armour    |    38 |    66 |   178 |    60 ||   342
         Steam dragon scal |       |       |       |    64 ||    64
  Dodge: Dodged            |    66 |    89 |   210 |   126 ||   491

Table legend: (Time is in decaauts)
 A = Elapsed time spent in this place.
 B = Non-inter-level travel time spent in this place.
 C = Inter-level travel time spent in this place.
 D = Time resting spent in this place.
 E = Time spent auto-exploring this place.
 F = Levels seen in this place.
 G = Mean time per level.
                   A        B        C        D        E       F      G
               +--------+--------+--------+--------+--------+-----+--------+
         Total |   9536 |   9089 |    447 |    601 |   6162 |  10 |  953.6 |
       Dungeon |   9104 |   8657 |    447 |    595 |   6047 |   8 | 1138.0 |
        Temple |      1 |      1 |      0 |      0 |      0 |   1 |    1.0 |
       Ossuary |    430 |    430 |      0 |      6 |    115 |   1 |  430.0 |
               +--------+--------+--------+--------+--------+-----+--------+

Top non-repeatable levels by time:
     D:7: 1757 daAuts
     D:2: 1686 daAuts
     D:4: 1424 daAuts
     D:6: 1310 daAuts
     D:3: 876 daAuts
     D:1: 861 daAuts
     D:5: 676 daAuts
     D:8: 510 daAuts
 Ossuary: 430 daAuts
  Temple: 1 daAuts
